 Dungeon Crawl Stone Soup version 0.31-a0-219-g8d62b2e7bb (webtiles) character file.

Game seed: 17613601985344104081

69 qw the Chopper (level 4, -2/28 HPs)
             Began as a Gargoyle Fighter on July 3, 2023.
             Slain by an adder (3 damage)
             ... on level 2 of the Dungeon.
             The game lasted 00:00:31 (1295 turns).

qw the Chopper (Gargoyle Fighter)                   Turns: 1295, Time: 00:00:31

Health: -2/28      AC: 10    Str: 22    XL:     4   Next: 20%
Magic:  4/4        EV:  9    Int:  8    God:
Gold:   45         SH:  4    Dex:  9    Spells: 3/3 levels left

rFire   . . .        Y - +0 war axe
rCold   . . .        c - +0 buckler
rNeg    + . .        b - +0 scale mail
rPois   inf          (no helmet)
rElec   +            (no cloak)
rCorr   .            (no gloves)
SInv    .            (no boots)
Will    .....        (no amulet) Stlth
                     (no ring)
HPRegen 0.24/turn    (no ring)
MPRegen 0.09/turn

%: no passive effects
@: no status effects
A: sickness immunity, AC +3, negative energy resistance 1, electricity
resistance, torment resistance 1, petrification resistance
a: no special abilities


You were on level 2 of the Dungeon.
You visited 1 branch of the dungeon, and saw 2 of its levels.

You collected 45 gold pieces.


Innate Abilities, Weirdness & Mutations

You are immune to sickness and miasma.
Your stone body is resilient. (AC +3)
You are immune to poison.
You resist negative energy. (rN+)
You are resistant to electric shocks. (rElec)
You are resistant to unholy torment.
You are immune to petrification.


   Skills:
 - Level 3.2 Fighting
 + Level 4.0 Axes
 - Level 3.2 Armour
 - Level 3.2 Shields


You had 3 spell levels left.
You didn't know any spells.
Your spell library was empty.

Inventory:

Hand Weapons
 g - a +0 whip
 Y - a +0 war axe (weapon)
Missiles
 f - 3 boomerangs (quivered)
Armour
 b - a +0 scale mail (worn)
 c - a +0 buckler (worn)
Scrolls
 a - a scroll of identify
 e - a scroll of torment {unknown}
 i - a scroll of fear {unknown}
 j - 3 scrolls of poison {unknown}
Potions
 d - a potion of might
 h - a potion of magic {unknown}

Dungeon Overview and Level Annotations

Branches:
Dungeon (2/15)

Altars:


Message History

The adder barely misses you. The hobgoblin barely misses you.
The orc hits you with a +0 mace. The adder closely misses you.
You barely miss the hobgoblin.
The hobgoblin is almost dead.
You hit the orc but do no damage. You miss the adder.
The adder closely misses you. The hobgoblin hits you.
The orc barely misses you. The adder completely misses you.
You slash the hobgoblin!
You kill the hobgoblin!
You miss the adder. You hit the orc but do no damage.
The frilled lizard hisses.
The orc closely misses you. The adder closely misses you.
The orc hits you with a +0 mace. The frilled lizard bites you.
You closely miss the orc.
The orc is severely wounded.
You barely miss the adder. You closely miss the frilled lizard.
You block the adder's attack. The frilled lizard closely misses you.
The orc barely misses you. The adder bites you but does no damage.
You closely miss the orc.
The orc is severely wounded.
You closely miss the adder. You miss the frilled lizard. The adder misses you.
The frilled lizard closely misses you. The orc barely misses you.
You block the adder's attack. The orc barely misses you.
The frilled lizard bites you but does no damage.
You hit the orc.
You kill the orc!
You closely miss the adder. You slash the frilled lizard!
You kill the frilled lizard!
The adder barely misses you. The adder bites you but does no damage.
Your Axes skill increases to level 4!
You closely miss the adder. You barely miss the kobold.
You block the adder's attack. The kobold barely misses you.
You completely miss the adder. You barely miss the kobold.
The adder bites you but does no damage. The kobold hits you with a +0 dagger.
The adder closely misses you. The kobold hits you with a +0 dagger.
You miss the adder. You barely miss the kobold.
The adder bites you but does no damage. The kobold hits you but does no damage.
The adder bites you.
You die...

#.# #.###
#######%#### #....
#..........###....
..................
#...........##....
#############.##....
##......#### #.##....
#..S....)..###.##....
#..)@...#.........###
#.#K#.###.........#..
#o#.............#.#
..#####.#.......#.
.#######.#.......#
#.........#.......#
###########.......#
#.......# #.......#


You could see an adder, an orc and a kobold.

Vanquished Creatures
  An orc priest (D:2)
  2 dart slugs
  An orc (D:2)
  4 ball pythons
  2 endoplasms (D:1)
  A giant cockroach (D:2)
  3 goblins (D:1)
  5 hobgoblins
  4 kobolds
  A quokka (D:1)
  4 bats (D:1)
  2 frilled lizards
  3 rats
33 creatures vanquished.

Notes
Turn   | Place    | Note
-------+----------+-------------------------------------------
     0 | D:1      | qw the Gargoyle Fighter began the quest for the Orb.
     0 | D:1      | Reached XP level 1. HP: 14/14 MP: 1/1
     0 | D:1      | 0 ||| qw: Version: 0.3-a-40-ge99b1a8
     0 | D:1      | 0 ||| qw: Game counter: 361
     0 | D:1      | 0 ||| qw: Melee chars always use a shield: true
     0 | D:1      | 0 ||| qw: God list: Okawaru
     0 | D:1      | 0 ||| qw: Allow faded altars: false
     0 | D:1      | 0 ||| qw: Do Orc after clearing Dungeon:15 true
     0 | D:1      | 0 ||| qw: Do second Lair branch before Depths: true
     0 | D:1      | 0 ||| qw: Lair rune preference: random
     0 | D:1      | 0 ||| qw: Goals: Normal, Zot:1-4, Slime:5, God:TSO, Crypt,
                  | Tomb, Abyss, Pan, Hells, Win
     0 | D:1      | 0 ||| PLANNING D:1-11
    50 | D:1      | Reached skill level 2 in Axes
   177 | D:1      | Reached XP level 2. HP: 19/19 MP: 2/2
   365 | D:1      | 365 ||| Stepping ~*~*~tactically~*~*~ (hiding).
   493 | D:1      | 493 ||| Stepping ~*~*~tactically~*~*~ (stealth).
   496 | D:1      | 496 ||| Stepping ~*~*~tactically~*~*~ (stealth).
   507 | D:1      | 507 ||| DROPPING +0 club.
   572 | D:1      | Reached skill level 3 in Axes
   572 | D:1      | 572 ||| Stepping ~*~*~tactically~*~*~ (stealth).
   573 | D:1      | 573 ||| Stepping ~*~*~tactically~*~*~ (stealth).
   582 | D:1      | Reached XP level 3. HP: 23/23 MP: 3/3
  1109 | D:1      | 1109 ||| READING scroll labelled HATRINYA DOUR.
  1232 | D:2      | 1232 ||| Stepping ~*~*~tactically~*~*~ (stealth).
  1233 | D:2      | 1233 ||| Stepping ~*~*~tactically~*~*~ (stealth).
  1234 | D:2      | 1234 ||| Stepping ~*~*~tactically~*~*~ (stealth).
  1235 | D:2      | 1235 ||| Stepping ~*~*~tactically~*~*~ (stealth).
  1276 | D:2      | Reached XP level 4. HP: 28/28 MP: 4/4
  1287 | D:2      | HP: 6/28 [orc/+0 mace (6)]
  1289 | D:2      | HP: 2/28 [frilled lizard (3)]
  1293 | D:2      | Reached skill level 4 in Axes
  1294 | D:2      | HP: 3/28 [kobold/+0 dagger (1)]
  1294 | D:2      | HP: 1/28 [kobold/+0 dagger (2)]
  1295 | D:2      | Slain by an adder

Levels and vault maps discovered:
D:1:      dpeg_arrival_boxorama, layout_basic, hex_large
D:2:      layout_basic, ebering_ecumenical_altar_ruins

Skill      XL: |  1  2  3  4 |
---------------+-------------+-----
Axes           | 2 3 4 |  4.0
Fighting       | |  3.2
Armour         | |  3.2
Shields        | |  3.2

Action                     |  1- 3 |  4- 6 || total
---------------------------+-------+-------++-------
  Melee: War axe           |    67 |    20 ||    87
  Throw: Boomerang         |    17 |       ||    17
    Use: Scroll            |     1 |       ||     1
 Armour: Scale mail        |    34 |    12 ||    46
  Dodge: Dodged            |    28 |    25 ||    53
  Block: Buckler           |    13 |     4 ||    17

Table legend:
 A = Non-vault XP
 B = Vault XP
 C = Vault XP percentage of total XP
 D = Non-vault monster count
 E = Vault monster count
 F = Vault count percentage of total count
                 A         B        C        D         E       F
            +---------+---------+-------+---------+---------+-------
      Total |      99 |       0 |   0.0 |      33 |       0 |   0.0
            +---------+---------+-------+---------+---------+-------
        D:1 |      36 |       0 |   0.0 |      21 |       0 |   0.0
        D:2 |      63 |       0 |   0.0 |      12 |       0 |   0.0
            +---------+---------+-------+---------+---------+-------
